 Dungeon Crawl Stone Soup version 0.27.0-65-ge2af304b15 (webtiles) character file.

Game seed: 18371022054972770783

376 nxtlvl the Poker (level 7, -2/50 HPs)
             Began as a Human Gladiator on Aug 18, 2021.
             Was an Initiate of Vehumet.
             Killed by divine providence
             ... invoked by an orc priest
              (12 damage)
             ... on level 5 of the Dungeon.
             The game lasted 00:21:41 (1594 turns).

nxtlvl the Poker (Human Gladiator)                  Turns: 1594, Time: 00:21:42

Health: -2/50      AC: 12    Str: 14    XL:     7   Next: 3%
Magic:  7/7        EV: 14    Int: 10    God:    Vehumet [......]
Gold:   75         SH:  0    Dex: 15    Spells: 6/6 levels left

rFire    . . .     SeeInvis .   a - +0 trident
rCold    . . .     Faith    .   (no shield)
rNeg     . . .     Spirit   .   h - +0 scale mail
rPois    .         Reflect  .   c - +0 helmet
rElec    .         Harm     .   e - +0 cloak
rCorr    .         Rampage  .   (no gloves)
Will     .....                  (no boots)
Stlth    ..........             (no amulet)
HPRegen  0.16/turn              P - +4 ring of protection
MPRegen  0.10/turn              p - +4 ring of evasion

@: hasted, very quick
A: no striking features
a: Renounce Religion


You were on level 5 of the Dungeon.
You worshipped Vehumet.
Vehumet was noncommittal.
You visited 2 branches of the dungeon, and saw 6 of its levels.

You collected 75 gold pieces.

Inventory:

Hand Weapons
 a - a +0 trident (weapon)
 b - a +0 hunting sling
Missiles
 f - 2 throwing nets
 s - 25 poisoned darts (quivered)
Armour
 c - a +0 helmet (worn)
 d - a +0 ring mail
 e - a +0 cloak (worn)
 h - a +0 scale mail (worn)
 x - a +0 pair of gloves
Jewellery
 l - a ring of resist corrosion
 o - a +6 ring of dexterity
 p - a +4 ring of evasion (right hand)
 L - a ring of protection from cold
 P - a +4 ring of protection (left hand)
Wands
 t - a wand of flame (12)
 v - a wand of charming (6)
 w - a wand of digging (3)
Scrolls
 i - a scroll of enchant armour {unknown}
 q - 3 scrolls of noise {unknown}
 r - a scroll of identify {unknown}
Potions
 g - a potion of magic {unknown}
 j - a potion of resistance {unknown}
 k - a potion of haste
 m - a potion of mutation {unknown}
 n - a potion of flight {unknown}
 u - a potion of curing {unknown}


   Skills:
 - Level 2.0 Fighting
 * Level 7.3 Polearms
 - Level 2.0 Throwing
 - Level 3.0 Dodging


You had 6 spell levels left.
You didn't know any spells.
Your spell library was empty.

Dungeon Overview and Level Annotations

Branches:
Dungeon (5/15)             Temple (1/1) D:4

Altars:
Ashenzari
Cheibriados
Dithmenos
Fedhas
Gozag
Hepliaklqana
Kikubaaqudgha
Trog
Uskayaw
Vehumet
Xom
Yredelemnul
Zin
The Shining One

Annotations:
D:1 exclusion: downstairs
D:4 exclusion: downstairs


Message History

You hit the orc priest.
The orc priest is almost dead.
The orc priest looks encouraged for a moment.
You hit the orc priest.
You kill the orc priest!
Vehumet accepts your kill.
You have reached level 7!
It was a potion of haste.
You feel yourself speed up.
Aiming: Charm
Press: ? - help, Shift-Dir - straight line, f - orc priest
Aim: an orc priest, wielding a +0 flail (chance to affect: 46%)
Okay, then.
Aiming: Throw Flame
Press: ? - help, Shift-Dir - straight line, f - orc priest
Aim: an orc priest, wielding a +0 flail (68% to hit)
The puff of flame hits the orc priest.
The orc priest is lightly wounded.
Reach: a) +0 trident
Press: ? - help, Dir - move target, f/p - orc priest
Aim: an orc priest, wielding a +0 flail (lightly wounded, about 38% to evade your +0 trident)
You reach to attack!
You hit the orc priest.
The orc priest is heavily wounded.
The orc priest invokes the aid of Beogh against you.
Pain shoots through your body!
* * * LOW HITPOINT WARNING * * *
Reach: a) +0 trident
Press: ? - help, Dir - move target, f/p - orc priest
Aim: an orc priest, wielding a +0 flail (heavily wounded, about 40% to evade your +0 trident)
You reach to attack!
You closely miss the orc priest.
The orc priest is heavily wounded.
You closely miss the orc priest.
The orc priest is heavily wounded.
You barely miss the orc priest.
The orc priest is heavily wounded.
The orc priest closely misses you.
You closely miss the orc priest.
The orc priest is heavily wounded.
The orc priest calls down the wrath of Beogh upon you.
Beogh smites you!
You die...

###.......#
##### #
#..<....# #...
#....(..######.#
#...#'##.......#
#...#.##.......#
#...#.##.......#
#...#.########.#
#.(.#.# #.#
#...#.# #@#
##.##.# #o# ..#
#o# ... #.# #.#
#.# #.#


You could see an orc priest and an orc.

Vanquished Creatures
  An ogre (D:2)
  A hound (D:5)
  A jelly (D:5)
  An orc priest (D:5)
  2 hound skeletons (D:4)
  3 adders (D:2)
  2 dart slugs
  9 orcs
  5 bats
  A giant cockroach (D:1)
  6 goblins
  4 hobgoblins
  7 jackals
  7 kobolds
  3 quokkas
  A ball python (D:2)
  A frilled lizard (D:2)
  4 rats
59 creatures vanquished.

Vanquished Creatures (collateral kills)
  2 yaks (D:5)
2 creatures vanquished.

Grand Total: 61 creatures vanquished

Notes
Turn   | Place    | Note
-------+----------+-------------------------------------------
     0 | D:1      | nxtlvl the Human Gladiator began the quest for the Orb.
     0 | D:1      | Reached XP level 1. HP: 16/16 MP: 1/1
   133 | D:1      | Reached XP level 2. HP: 22/22 MP: 2/2
   293 | D:2      | Noticed an ogre
   313 | D:1      | Reached skill level 4 in Polearms
   313 | D:1      | Reached XP level 3. HP: 27/27 MP: 3/3
   469 | D:2      | Reached XP level 4. HP: 16/33 MP: 4/4
   610 | D:2      | Reached skill level 5 in Polearms
   657 | D:2      | Killed an ogre
   658 | D:2      | Reached XP level 5. HP: 22/38 MP: 5/5
   700 | D:2      | Reached skill level 6 in Polearms
   763 | D:4      | Found a staircase to the Ecumenical Temple.
   771 | Temple   | Entered the Ecumenical Temple
   822 | Temple   | Became a worshipper of Vehumet
   917 | D:5      | Entered Level 5 of the Dungeon
  1023 | D:4      | Reached XP level 6. HP: 44/44 MP: 6/6
  1091 | D:5      | Noticed a yak
  1091 | D:5      | Noticed a yak
  1372 | D:5      | Found a glowing golden altar of the Shining One.
  1416 | D:5      | Found a shimmering altar of Xom.
  1533 | D:5      | Noticed a yak
  1540 | D:5      | Killed a yak
  1541 | D:5      | Reached skill level 7 in Polearms
  1560 | D:5      | Killed a yak
  1588 | D:5      | Reached XP level 7. HP: 19/50 MP: 7/7
  1594 | D:5      | Killed from afar by an orc priest

Illustrated notes

Levels and vault maps discovered:
D:1:      erik_arrival_blinker_ship, layout_loops_ring
D:2:      minmay_recursive_quarters, layout_basic, minmay_unequal
D:3:      layout_basic, elyvilon_altar_1, serial_shops,
          nicolae_shop_temple_entry_statues_fountains
D:4:      layout_loops_ring, mainiacjoe_overflow_paths, temple_fountains
D:5:      layout_basic, mainiacjoe_overflow_catwalk_spiral, serial_shops,
          shop_statue, nicolae_stop_n_shop_2
Temple:   chequers_temple_sunken

Skill      XL: |  1  2  3  4  5  6 |
---------------+-------------------+-----
Polearms       | 4 5 6 7 |  7.3
Fighting       | |  2.0
Throwing       | |  2.0
Dodging        | |  3.0

Action                   |  1- 3 |  4- 6 |  7- 9 || total
-------------------------+-------+-------+-------++-------
Melee: Trident           |    78 |   121 |     5 ||   204
Throw: Dart              |       |     9 |       ||     9
       Throwing net      |       |     1 |       ||     1
Evoke: Wand              |       |    13 |     1 ||    14
  Use: Potion            |       |       |     1 ||     1
 Stab: Sleeping          |     5 |     2 |       ||     7
Armor: Leather armour    |    22 |    15 |       ||    37
       Scale mail        |       |    15 |       ||    15
Dodge: Dodged            |    47 |    52 |     1 ||   100
